 Dungeon Crawl Stone Soup version 0.18-a0-1655-ge2d8d33 (webtiles) character file.

148 dwasdwasdwas the Grave Robber (level 5, -2/36 HPs)
             Began as a Human Necromancer on Mar 30, 2016.
             Was a Follower of Cheibriados.
             Killed from afar by Kidiri's ghost (5 damage)
             ... with a puff of flame
             ... on level 3 of the Dungeon.
             The game lasted 02:02:35 (3161 turns).

dwasdwasdwas the Grave Robber (Human Necromancer)   Turns: 3161, Time: 02:02:36

Health: -2/36      AC:  2    Str: 11    XL:     5   Next: 56%
Magic:  9/9        EV: 13    Int: 18    God:    Cheibriados [*.....]
Gold:   122        SH:  0    Dex: 15    Spells: 4 memorised, 1 level left

rFire  . . .     SeeInvis .     n - +1 flail (drain)
rCold  . . .     Gourm    .     a - +0 robe
rNeg   . . .     Faith    .     (no shield)
rPois  +         Spirit   .     (no helmet)
rElec  .         Dismiss  .     (no cloak)
rCorr  .         Reflect  .     (no gloves)
SustAt .         Harm     .     (no boots)
MR     .....                    (no amulet)
Stlth  ++........               (no ring)
                                k - ring of poison resistance

@: very slow, not resistant to hostile enchantments, unstealthy
A: no striking features
a: Bend Time, Renounce Religion


You were on level 3 of the Dungeon.
You worshipped Cheibriados.
Cheibriados was aware of your devotion.
You were not hungry.

You visited 1 branch of the dungeon, and saw 3 of its levels.

You collected 122 gold pieces.

Inventory:

Hand Weapons
 n - a +1 flail of draining (weapon)
 p - a +0 dagger
Armour
 a - a +0 robe (worn)
 c - a +0 robe
 i - a +0 cloak
 m - a +1 chain mail of positive energy
 o - a +0 helmet
Jewellery
 d - an uncursed amulet of guardian spirit
 k - a ring of poison resistance (left hand)
Scrolls
 e - 2 scrolls of fog {unknown}
 f - 2 scrolls of immolation
 g - 2 scrolls of teleportation
 j - a scroll of enchant weapon {unknown}
Books
 b - a book of Necromancy

   Spells                             Type                      Level
   a - Pain                           Necromancy                   1
   b - Animate Skeleton               Necromancy                   1
   c - Vampiric Draining              Necromancy                   3
   d - Regeneration                   Charms/Necromancy            3
   e - Animate Dead                   Necromancy                   4
   f - Control Undead                 Necromancy                   4
Comestibles
 h - a bread ration
 l - 2 fruits


   Skills:
 + Level 0.4 Fighting
 + Level 2.5 Dodging
 + Level 2.0 Stealth
 + Level 3.3 Spellcasting
 + Level 5.3 Necromancy


You had one spell level left.
You knew the following spells:

 Your Spells              Type           Power        Failure   Level  Hunger
a - Pain                  Necr           ###.         1%          1    None
b - Animate Skeleton      Necr           N/A          1%          1    None
c - Vampiric Draining     Necr           ###.......   6%          3    ###....
d - Animate Dead          Necr           N/A          21%         4    ####...


Dungeon Overview and Level Annotations

Branches:
Dungeon (3/15)

Altars:
Ashenzari
Cheibriados

Annotations:
D:3 Kidiri's ghost, amateur DEFE


Message History

You can't see any susceptible monsters within range! (Use Z to cast anyway.)
Casting: Pain
Confirm with . or Enter, or press ? or * to list all spells.
You can't see any susceptible monsters within range! (Use Z to cast anyway.)
Casting: Pain
Confirm with . or Enter, or press ? or * to list all spells.
Aiming: Vampiric Draining
Press: ? - help, Shift-Dir - straight line, f - Kidiri's ghost
Aim: Kidiri's ghost You can't drain life from that!
Kidiri's ghost misses you.
Kidiri's ghost gestures at you while chanting.
The puff of flame hits you!
Kidiri's ghost whispers, "Death is liberation."
Kidiri's ghost points at you and mumbles some strange words.
The flame tongue hits you!
* * * LOW HITPOINT WARNING * * *
Kidiri's ghost gestures at you while chanting.
The puff of flame hits you!
You die...

##### ....# ....#
....################
..........(.......>#
.....#########.#)### .....#
####.._..####
.....####....#.#..W.#
...........((...@##.#
.................##b##########
.................##..........#
.................###########.....
.................# .##.
.................# ..
.................# ..
.................# #
.....(...........#


You could see Kidiri's ghost.

Vanquished Creatures
  An orc priest (D:3)
  4 adders
  An ooze (D:1)
  2 worms
  2 dart slugs
  6 giant geckos
  3 orcs (D:3)
  2 ball pythons
  10 bats
  A giant cockroach (D:3)
  4 hobgoblins
  3 jackals
  8 goblins
  8 kobolds
  6 rats
61 creatures vanquished.

Notes
Turn   | Place    | Note
--------------------------------------------------------------
     0 | D:1      | dwasdwasdwas the Human Necromancer began the quest for the Orb.
     0 | D:1      | Reached XP level 1. HP: 13/13 MP: 3/3
     2 | D:1      | Learned a level 1 spell: Animate Skeleton
   156 | D:1      | Reached XP level 2. HP: 10/19 MP: 0/5
   549 | D:1      | Reached XP level 3. HP: 15/24 MP: 4/6
   710 | D:1      | Learned a level 3 spell: Vampiric Draining
  1640 | D:2      | Reached XP level 4. HP: 29/31 MP: 3/7
  1724 | D:2      | Reached skill level 5 in Necromancy
  2052 | D:2      | Found a snail-covered altar of Cheibriados.
  2058 | D:2      | Became a worshipper of Cheibriados the Contemplative
  2358 | D:3      | Reached XP level 5. HP: 16/36 MP: 0/9
  2599 | D:3      | Found a shattered altar of Ashenzari.
  2682 | D:3      | Learned a level 4 spell: Animate Dead
  2803 | D:3      | Reached * piety under Cheibriados
  3111 | D:3      | Noticed Kidiri's ghost (amateur DEFE)
  3161 | D:3      | Killed from afar by Kidiri's ghost

Vault maps used:
D:1:      scummos_arrival_forest
D:2:      minmay_door_square, kennysheep_flooded_box
D:3:      first_bread, ashenzari_altar_1

Skill      XL: |  1  2  3  4 |
---------------+-------------+-----
Necromancy     | 5 |  5.3
Spellcasting   | 3 |  3.3
Fighting       | |  0.4
Dodging        | |  2.5
Stealth        | |  2.0

Action                   |  1- 3 |  4- 6 || total
-------------------------+-------+-------++-------
Melee: Unarmed           |     6 |       ||     6
       Dagger            |     5 |    14 ||    19
       Flail             |       |     3 ||     3
 Cast: Pain              |    58 |    66 ||   124
       Vampiric Draining |     1 |     1 ||     2
       Animate Skeleton  |     1 |       ||     1
       Animate Dead      |       |     1 ||     1
  Use: Scroll            |     7 |     1 ||     8
       Potion            |       |     5 ||     5
  Eat: Bread ration      |     1 |       ||     1
       Fruit             |       |     5 ||     5
